 Dungeon Crawl Stone Soup version 0.31-a0-486-g8d68a81214 (webtiles) character file.

Game seed: 365871655786433021

952 MisterAzrael the Conjurer (level 7, -3/36 HPs)
             Began as a Deep Elf Conjurer on Aug 7, 2023.
             Slain by a bullfrog (6 damage)
             ... on level 4 of the Dungeon.
             The game lasted 00:06:48 (3191 turns).

MisterAzrael the Conjurer (Deep Elf Conjurer)       Turns: 3191, Time: 00:06:49

Health: -3/36      AC:  2    Str:  4    XL:     7   Next: 90%
Magic:  8/17       EV: 12    Int: 28    God:
Gold:   156        SH:  0    Dex: 13    Spells: 7/17 levels left

rFire   . . .        q - staff "Hydraslayer" {rElec rPois rN+ Int+3 Necro}
rCold   . . .        (no shield)
rNeg    + . .        a - +0 robe
rPois   +            (no helmet)
rElec   +            (no cloak)
rCorr   .            (no gloves)
SInv    .            (no boots)
Will    .....        (no amulet)
Stlth   ++           (no ring)
HPRegen 0.26/turn    (no ring)
MPRegen 0.15/turn

%: no passive effects
@: brilliant
A: no striking features
a: no special abilities


You were on level 4 of the Dungeon.
You visited 1 branch of the dungeon, and saw 5 of its levels.

You collected 156 gold pieces.

Inventory:

Hand Weapons
 d - a +2 sling of draining
 e - a +3 dagger of venom
Missiles
 c - 12 poisoned darts
Armour
 a - a +0 robe (worn)
Magical Staves
 q - the staff "Hydraslayer" (weapon) {rElec rPois rN+ Int+3 Necro}
   (You found it on level 4 of the Dungeon)

   [staff of death]

   Base accuracy: +5 Base damage: 5 Base attack delay: 1.2 This weapon's minimum
   attack delay (0.6) is reached at skill level 12.
   Int:       It affects your intelligence (+3).
   rElec:     It insulates you from electricity.
   rPois:     It protects you from poison.
   rN:        It protects you from negative energy.
   Necro:     It increases the power of your Necromancy spells.
   It falls into the 'Staves' category.
   It is a one-handed weapon.
Jewellery
 f - a ring of poison resistance
Wands
 m - a wand of polymorph (10)
Scrolls
 b - a scroll of teleportation {unknown}
 g - 4 scrolls of identify {unknown}
 j - a scroll of blinking {unknown}
 l - a scroll of butterflies {unknown}
 o - a scroll of amnesia {unknown}
 p - a scroll of enchant weapon {unknown}
 r - a scroll of fog {unknown}
Potions
 h - a potion of brilliance
 i - a potion of attraction {unknown}
 k - a potion of heal wounds {unknown}
 n - a potion of berserk rage {unknown}


   Skills:
 - Level 2.1 Short Blades
 + Level 1.6 Staves
 - Level 2.0 Ranged Weapons
 - Level 2.7 Dodging
 - Level 2.8 Stealth
 + Level 5.8 Spellcasting
 * Level 7.5 Conjurations
 * Level 5.6 Hexes


You had 7 spell levels left.
You knew the following spells:

 Your Spells              Type           Power      Damage    Failure   Level
a - Magic Dart            Conj           100%       1d8       1%          1
b - Searing Ray           Conj           100%       2d8       1%          2
c - Dazzling Flash        Conj/Hex       100%       N/A       1%          3
d - Fulminant Prism       Conj/Hex       30%        3d16      4%          4

Your spell library contained the following spells:

 Spells                   Type           Power      Damage    Failure   Level
 Sublimation of Blood     Necr           18%        N/A       10%         2
 Wereblood                Tmut           12%        N/A       10%         2
 Iskenderun's Mystic Bla  Conj/Tloc      43%        2d10      13%         4
 Vhi's Electric Charge    Tloc/Air       24%        N/A       19%         3
 Arcjolt                  Conj/Air       21%        1d31      36%         5
 Plasma Beam              Fire/Air       6%         2x1d16    100%        6
 Summon Hydra             Summ           6%         N/A       100%        7


Dungeon Overview and Level Annotations

Branches:
Dungeon (5/15)
 Temple: D:4-7

Altars:
Trog

Annotations:
D:4 1 runed translucent door, GloriousHammer's ghost, amateur DrHs


Message History

You hear a shout!
The lemure hits you.
Casting: Fulminant Prism (quite dangerous; 7% risk of failure)
Confirm with . or Enter, or press ? or * to list all spells.
Aiming: Searing Ray (safe; 1% risk of failure)
Press: ? - help, Shift-Dir - straight line, f - Pikel
Aim: Pikel, wielding a +0 whip of freezing and wearing a +0 robe (heavily wounded, 77% to hit)
The searing ray hits Pikel!
Pikel is severely wounded. (Press . to maintain the ray.)
The bullfrog hits you. The lemure closely misses you.
Pikel hits you with a +0 whip of freezing.
Pikel freezes you. The lemure hits you.
The searing ray hits Pikel.
Pikel is almost dead.
The bullfrog hits you! The bullfrog barely misses you.
The lemure closely misses you. Pikel barely misses you.
The lemure closely misses you.
The searing ray misses Pikel.
The bullfrog misses you. The lemure hits you.
Pikel hits you with a +0 whip of freezing.
Pikel freezes you.
The searing ray hits Pikel.
You kill Pikel!
You finish channelling your searing ray.
With Pikel's spell broken, his former minions thank you for their freedom.
The lemure departs this earthly plane. x3; The bullfrog hits you.
* * * LOW HITPOINT WARNING * * *
The bullfrog closely misses you.
Your Staves skill increases to level 1!
Your Conjurations skill increases to level 7!
Your Hexes skill increases to level 5!
The bullfrog hits you.
* * * LOW HITPOINT WARNING * * *
You climb upwards.
Level annotation: 1 runed translucent door, GloriousHammer's ghost, amateur DrHs
There is a stone staircase leading down here.
It was a potion of brilliance.
You feel clever all of a sudden. The bullfrog hits you.
You die...

# # # #######
##########.....#
........##.###.######
........##.# #......#
........##.# ######.#
........##.######F#.#
................@.#.#
........#####.....#.#
............#.##.##.#
####..####.##.##.##.#
..##.## #.....#.##.#
.....# #######.##.#
..#### #.......##.#
...# #.########.#
...# #.# #.#


You could see a bullfrog.

Vanquished Creatures
  Pikel (D:5)
  A black bear (D:4)
  An ogre (D:4)
  A lemure (D:5)
  A hound (D:4)
  2 orc priests (D:3)
  Terence (D:3)
  Jessica (D:2)
  Natasha (twice) (D:2)
  2 orc wizards (D:3)
  3 gnolls (D:3)
  3 adders
  10 orcs
  2 ball pythons
  A bat (D:2)
  8 endoplasms
  3 giant cockroaches (D:3)
  5 goblins
  4 hobgoblins
  2 quokkas
  7 kobolds
  4 rats
65 creatures vanquished.

Vanquished Creatures (others)
  2 fulminant prisms
2 creatures vanquished.

Grand Total: 67 creatures vanquished

Notes
Turn   | Place    | Note
-------+----------+-------------------------------------------
     0 | D:1      | MisterAzrael the Deep Elf Conjurer began the quest for the
                  | Orb.
     0 | D:1      | Reached XP level 1. HP: 10/10 MP: 6/6
    52 | D:1      | You fall into a shaft and drop 1 floor!
    71 | D:2      | Reached XP level 2. HP: 15/15 MP: 2/8
   187 | D:2      | Learned a level 2 spell: Searing Ray
   527 | D:2      | Noticed Natasha
   528 | D:2      | Noticed Jessica
   535 | D:2      | Killed Natasha
   536 | D:2      | Reached skill level 1 in Ranged Weapons
   536 | D:2      | Reached skill level 5 in Conjurations
   536 | D:2      | Reached XP level 3. HP: 19/19 MP: 6/10
   539 | D:2      | Killed Jessica
   540 | D:2      | Reached XP level 4. HP: 14/24 MP: 1/11
   775 | D:2      | Noticed Natasha
   781 | D:2      | Killed Natasha
   989 | D:3      | Learned a level 3 spell: Dazzling Flash
   994 | D:3      | Learned a level 4 spell: Fulminant Prism
  1195 | D:3      | Reached skill level 1 in Hexes
  1195 | D:3      | Reached XP level 5. HP: 22/28 MP: 3/13
  1476 | D:3      | Reached skill level 1 in Short Blades
  1734 | D:3      | Reached skill level 6 in Conjurations
  1845 | D:3      | Reached XP level 6. HP: 28/32 MP: 7/15
  1991 | D:3      | Found a bloodstained altar of Trog.
  2119 | D:3      | Noticed Terence
  2147 | D:3      | Killed Terence
  2392 | D:4      | Reached skill level 5 in Spellcasting
  2483 | D:4      | Found a runed translucent door.
  2483 | D:4      | Noticed GloriousHammer's ghost (amateur DrHs)
  2911 | D:4      | Identified the staff "Hydraslayer" {rElec rPois rN+ Int+3
                  | Necro}
  2926 | D:4      | Reached XP level 7. HP: 36/36 MP: 11/16
  3180 | D:5      | Entered Level 5 of the Dungeon
  3180 | D:5      | Noticed Pikel
  3188 | D:5      | Killed Pikel
  3189 | D:5      | Reached skill level 1 in Staves
  3189 | D:5      | Reached skill level 7 in Conjurations
  3189 | D:5      | Reached skill level 5 in Hexes
  3191 | D:4      | Slain by a bullfrog

Illustrated notes

Levels and vault maps discovered:
D:1:      minmay_arrival_doors, layout_loops_ring
D:2:      layout_loops_ring, kennysheep_cross_bottleneck, uniq_jessica,
          uniq_natasha
D:3:      layout_loops_ring, trog_three_pillars_becter,
          minmay_misc_feat_nine_boxes, uniq_terence
D:4:      layout_basic, hellmonk_ghost_happy_afterlife, grunt_decor_fettered,
          kennysheep_generic_room_10
D:5:      layout_cave_pools, mainiacjoe_overflow_alcove_1,
          mainiacjoe_overflow_alcove_4, uniq_pikel

Skill      XL: |  1  2  3  4  5  6  7 |
---------------+----------------------+-----
Ranged Weapons | 1 2 |  2.0
Conjurations   | 5 6 7 |  7.5
Spellcasting   | 4 5 |  5.8
Hexes          | 1 2 4 5 |  5.6
Short Blades   | 1 2 |  2.1
Staves         | 1 |  1.6
Dodging        | |  2.7
Stealth        | |  2.8

Action                     |  1- 3 |  4- 6 |  7- 9 || total
---------------------------+-------+-------+-------++-------
  Melee: Dagger            |       |     9 |       ||     9
   Fire: Sling             |    15 |     4 |       ||    19
   Cast: Magic Dart        |    12 |    79 |     1 ||    92
         Searing Ray       |     2 |    10 |     1 ||    13
         Dazzling Flash    |       |     6 |       ||     6
         Fulminant Prism   |       |     1 |     1 ||     2
    Use: Potion            |     1 |     2 |     1 ||     4
 Armour: Robe              |       |     1 |       ||     1
  Dodge: Dodged            |     5 |    25 |     9 ||    39

Table legend: (Time is in decaauts)
 A = Elapsed time spent in this place.
 B = Non-inter-level travel time spent in this place.
 C = Inter-level travel time spent in this place.
 D = Time resting spent in this place.
 E = Time spent auto-exploring this place.
 F = Levels seen in this place.
 G = Mean time per level.
                   A        B        C        D        E       F      G
               +--------+--------+--------+--------+--------+-----+--------+
         Total |   3196 |   3125 |     71 |    423 |   2291 |   5 |  639.2 |
       Dungeon |   3196 |   3125 |     71 |    423 |   2291 |   5 |  639.2 |
               +--------+--------+--------+--------+--------+-----+--------+

Top non-repeatable levels by time:
     D:3: 1283 daAuts
     D:2: 987 daAuts
     D:4: 864 daAuts
     D:1: 52 daAuts
     D:5: 9 daAuts
